 BcadrenCrawl: Boulder Brew version 0.06-688-g08e91b2d95 (webtiles) character file.

Game seed: 5440857937304810665

5105 Leeroy the Markstengu (level 10, -13/97 HPs) Tengu Centaur. Began on Jan 24, 2023. Was a Believer of Okawaru. Mangled by a four-headed hydra (17 damage) ... on level 5 of the Dungeon. The game lasted 00:22:04 (8446 turns).

Leeroy the Markstengu (Tengu Centaur)               Turns: 8446, Time: 00:22:05

Health: -13/97     AC:  5    Str: 18    XL:     10 ^: 3678
Magic:  11/11      EV: 12    Int: 17    God:    Okawaru [2* [57]]
Gold:   231        SH:  0    Dex: 12    Spells: 9/9 levels left

rFire    . . .     Slash    x   q - +8 longbow (molten)
rCold    . . .     Pierce   .   (also wielding the above weapon)
rNeg     . . .     Bludgeon .   s - +1 robe {soft}
rCorr    . . .     Vision   .   (helmet restricted)
rPois    .         Gourm    .   (no cloak)
rElec    .         Faith    +   (no gloves)
MR       .....     Spirit   .   (no barding)
HPRegen  0.42/turn Reflect  .   e - amulet of faith
MPRegen  0.21/turn Harm     .   R - ring of stealth
Stlth    +++.......             u - ring of intelligence

@: lethally poisoned (-13 -> -23), flying quickly and evasively, invisible, very
quick
A: large, beak, hippogriff form, talons, deformed body 1, speed 2, tengu flight,
soft flesh, AC +3
a: Stop Flying, Heroism, Renounce Religion


You were on level 5 of the Dungeon.
You worshipped Okawaru.
Okawaru was pleased with you.
You were not hungry.

You visited 2 branches of the dungeon, and saw 7 of its levels.

You collected 231 gold pieces.

Inventory:

Weapons
 a - a +1 shortbow
 b - a +0 short sword
 i - a +2 antimagic spear
 j - a cursed +2 vampiric dagger {(Curse: MR-)}
 q - a +8 longbow of molten steel (weapon)
 v - a +0 broad axe
 A - a +1 dagger of holy wrath
 D - a +0 dagger of chaos
 G - a +4 short sword of protection
 H - a +0 long sword
 J - a +1 whip of electrocution
 V - a +1 flail of protection
 W - a +2 spear of pain
 Y - a cursed +1 morningstar of caustic ooze {(Curse: *Rage)} Shields
 I - a +0 targe
Armour
 p - a cursed +0 leather armour {(Curse: MR-)}
 s - a +1 robe of softness (worn)
 E - a scarf of harm
 Z - a +0 ring mail
Jewellery
 e - an amulet of faith (around neck)
 l - a cursed ring of strength {(Curse: rF-)}
 t - a cursed amulet of the acrobat {(Curse: Str-5)}
 u - a ring of intelligence (right hand)
 F - an uncursed ring of ice
 K - an uncursed amulet of the gourmand
 N - a cursed ring of positive energy {(Curse: Stlth-)}
 Q - a cursed ring of stealth {(Curse: *Tele)}
 R - a ring of stealth (left hand)
 T - an uncursed ring of ice
Wands
 g - a wand of iceblast (8)
 h - a wand of enslavement (2)
 k - a wand of scattershot (5)
 X - a wand of flame (1)
Scrolls
 m - 4 scrolls of bless item
 n - a scroll of immolation
 x - a scroll of enchantment
 C - 3 scrolls of torment
 L - a scroll of teleportation
Potions
 f - 2 potions of haste
 o - 3 potions of berserk rage
 r - a potion of ambrosia
 z - a potion of cure mutation
 P - a potion of lignification
 U - a potion of might
Miscellaneous
 y - a phantom mirror
Comestibles
 c - 10 chunks of flesh
 d - 22 rations


   Skills:
 - Level 2.1 Fighting
 + Level 19.8 Bows
 - Level 2.4 Dodging
 - Level 1.0 Stealth


You had 9 spell levels left.
You didn't know any spells.
Your spell library was empty.

Dungeon Overview and Level Annotations

Branches:
Dungeon (6/8)              Temple (1/1) D:4            Lair (0/6) D:5
    Orc: D:6

Altars:
Ashenzari
Cheibriados
Dithmenos
Elyvilon
Fedhas Madash
Gozag Ym Sagoz
Kikubaaqudgha
Makhleb
Nemelex Xobeh
Okawaru
Qazlal
Ru
Sif Muna
Trog
Uskayaw
Vehumet
Wu Jian
Xom
Yredelemnul
The Shining One

Portals:
Ice
Cave: D:6


Innate Abilities, Weirdness & Mutations

Your horsehide is resilient. (AC +3)
You have a beak for a mouth.
You have a hippogriff-like bottom half; talons in the front, hooves in the back.
Armour fits poorly on your strangely shaped body.
You cover ground very quickly.
You can fly continuously.
Your speed and evasion are boosted while flying.
Your soft flesh is weak to deep cuts.
Heavy manmade armour will nullify this weakness. (rSlashing-)


Message History

The killer bee poisons you (10)!
There is a stone staircase leading down, spattered with blood here.
Unknown command.
Okay, then.
You feel much better.
You drop the empty bottle.
You feel sick. (2)
The killer bee stings you (4).
* * * LOW HITPOINT WARNING * * *
The killer bee stings you (5).
* * * LOW HITPOINT WARNING * * *
You fade into invisibility!
You drop the empty bottle.
You feel sick. (2)
The killer bee barely misses you. x2
The four-headed hydra barely misses you.
The four-headed hydra bites you but does no damage.
The four-headed hydra bites you (12)!
* * * LOW HITPOINT WARNING * * *
The four-headed hydra bites you (17)!
You die...

.######## .h..y...###
.######...#############
###...yhOD@y....###########
#############............
#############


You could see a four-headed hydra, an ogre, a hound and 2 killer bees.

Vanquished Creatures
  A komodo dragon (D:5)
  2 hippogriffs (D:5)
  3 water moccasins
  An eye of draining (D:5)
  2 necrophages
  2 phantoms (D:3)
  2 scorpions
  4 porcupines
  2 orc warriors
  3 ice beasts
  3 ogres
  Blork the orc (D:2)
  A meliai zombie (D:4)
  3 howler monkeys
  6 killer bees (D:5)
  2 quasiau
  5 wights
  A hornet zombie (D:4)
  2 llaibwcod
  2 hounds (D:3)
  6 jellies
  7 orc wizards
  An orc priest (D:4)
  9 worker ants
  6 iguanas
  A water moccasin zombie (D:5)
  6 giant cockroaches
  2 boggart skeletons (D:4)
  7 adders
  15 gnolls
  11 cinder newts
  8 oozes
  5 worms
  10 bullfrogs
  A howler monkey skeleton (D:5)
  2 hound skeletons
  10 leopard geckos
  21 orcs
  6 ball pythons
  3 goblins (D:1)
  5 hobgoblins (D:1)
  6 quokkas
  6 bats (D:1)
  4 kobolds (D:1)
  A quokka skeleton (D:3)
  5 rats (D:1)
  A rat skeleton (D:2)
  A plant (D:5)
  A withered plant (D:2)
215 creatures vanquished.

Vanquished Creatures (collateral kills)
  A hound (D:4)
  An iguana (D:4)
  An orc (D:4)
3 creatures vanquished.

Vanquished Creatures (others)
  A quokka (D:4)
  A kobold skeleton (D:2)
  3 giant blowflies (D:4)
  A plant (D:5)
  A slimehead (D:2)
  31 withered plants (D:2)
38 creatures vanquished.

Grand Total: 256 creatures vanquished

Notes
Turn   | Place    | Note
-------+----------+-------------------------------------------
     0 | D:1      | Leeroy the Tengu Centaur began the quest for the Orb.
     0 | D:1      | Reached XP level 1. HP: 24/24 MP: 2/2
   142 | D:1      | Reached XP level 2. HP: 32/32 MP: 3/3
   224 | D:1      | Reached skill level 5 in Bows
   291 | D:1      | Reached XP level 3. HP: 36/40 MP: 4/4
   373 | D:1      | Reached skill level 6 in Bows
   970 | D:1      | Reached skill level 7 in Bows
   970 | D:1      | Reached XP level 4. HP: 48/48 MP: 5/5
  1439 | D:2      | Reached skill level 8 in Bows
  1439 | D:2      | Gained mutation: You can fly continuously. Your speed and
                  | evasion are boosted while flying. [Tengu growth]
  1439 | D:2      | Reached XP level 5. HP: 56/56 MP: 6/6
  1609 | D:2      | Reached skill level 9 in Bows
  1892 | D:2      | Reached XP level 6. HP: 64/64 MP: 7/7
  2150 | D:2      | Noticed Blork the orc
  2186 | D:2      | Reached skill level 10 in Bows
  2405 | D:2      | Noticed a water moccasin
  2804 | D:2      | Found a faded altar of an unknown god.
  2962 | D:2      | Killed Blork the orc
  3316 | D:2      | Killed a water moccasin
  3316 | D:2      | Reached skill level 11 in Bows
  3316 | D:2      | Reached XP level 7. HP: 21/72 MP: 2/8
  3655 | D:3      | Identified a scroll of acquirement
  3697 | D:3      | Reached skill level 12 in Bows
  4012 | D:3      | Reached skill level 13 in Bows
  4029 | D:3      | Reached XP level 8. HP: 77/81 MP: 9/9
  4139 | D:3      | Reached skill level 14 in Bows
  4409 | D:3      | Found a shadowy altar of Dithmenos.
  4643 | D:3      | Found a runed translucent door.
  5082 | D:3      | Found a burning altar of Makhleb.
  5083 | D:3      | Found a shimmering altar of Xom.
  5148 | D:4      | Reached skill level 15 in Bows
  5163 | D:4      | Found a staircase to the Ecumenical Temple.
  5728 | D:4      | Reached XP level 9. HP: 89/89 MP: 10/10
  5735 | D:4      | Reached skill level 16 in Bows
  5926 | D:4      | your +4 short sword of protection protects you from harm!
  6532 | D:4      | Reached skill level 17 in Bows
  6918 | Temple   | Entered the Ecumenical Temple
  7064 | Temple   | Became a worshipper of Warmaster Okawaru
  7126 | D:4      | Reached skill level 18 in Bows
  7282 | D:4      | Found a sparkling altar of Nemelex Xobeh.
  7364 | D:4      | Found a bloodstained altar of Trog.
  7476 | D:5      | Entered Level 5 of the Dungeon
  7770 | D:5      | Reached * piety under Okawaru
  7776 | D:5      | Reached XP level 10. HP: 97/97 MP: 11/11
  7821 | D:5      | Reached skill level 19 in Bows
  8295 | D:5      | Found a staircase to the Lair.
  8301 | D:5      | Reached ** piety under Okawaru
  8437 | D:6      | Found a frozen archway.
  8437 | D:6      | Noticed a four-headed hydra
  8446 | D:5      | HP: 4/97 [four-headed hydra (12)]
  8446 | D:5      | Mangled by a four-headed hydra

Illustrated notes

Levels and vault maps discovered:
D:1:      saegor_arrival_simple_a, layout_loops_corners, first_ration,
          minmay_misc_feat_square, cheibrodos_sewer_entry_bend
D:2:      layout_sewer, chequers_ecumenical_altar_simple_redux,
          uniq_blork_the_orc
D:3:      layout_basic, grunt_temple_overflow_champion_of_chaos,
          grunt_dithmenos_smoke_and_mirrors, bcadren_nooodl_food_pyramid
D:4:      layout_loops_cross, nemelex_xobeh_ov_fountains_minmay,
          marbit_many_paths, minmay_temple_entry_mini_moons
D:5:      layout_roguey, david_lair_shrubbed
D:6:      layout_rooms, erik_orc_4, gauntlet_entry_generic,
          portal_ice_cave_entry_pillars_1
Temple:   regret_index_temple_waves

Skill      XL: |  1  2  3  4  5  6  7  8  9 10 |
---------------+-------------------------------+-----
Bows           | 5 7 8 9 11 13 15 18 19 | 19.8
Fighting       | |  2.1
Dodging        | |  2.4
Stealth        | |  1.0

Action                   |  1- 3 |  4- 6 |  7- 9 | 10-12 || total
-------------------------+-------+-------+-------+-------++-------
Melee: Unarmed           |     3 |    18 |    13 |       ||    34
       Short sword       |     3 |     3 |     6 |       ||    12
       Kick              |     1 |     7 |     3 |       ||    11
       Spear             |       |    17 |     2 |       ||    19
       Tailslap          |       |     2 |     2 |       ||     4
       Dagger            |       |       |     8 |       ||     8
 Fire: Shortbow          |    87 |   245 |    20 |       ||   352
       Longbow           |       |       |   239 |    42 ||   281
 Abil: Fly               |       |     1 |       |       ||     1
  Use: Potion            |       |     2 |     3 |     2 ||     7
       Scroll            |       |       |     9 |     1 ||    10
  Eat: Chunk             |       |     5 |    10 |     2 ||    17
Armor: Leather armour    |    16 |    32 |    21 |       ||    69
       Robe              |       |       |       |     1 ||     1
Dodge: Dodged            |     6 |    21 |    20 |     5 ||    52
